 Dungeon Crawl Stone Soup version 0.22-a0-542-gce4f928 (webtiles) character file.

297 Hebeh the Chopper (level 6, -12/55 HPs)
             Began as a Minotaur Fighter on June 24, 2018.
             Mangled by Pikel
             ... wielding a +1 whip of electrocution
              (19 damage)
             ... on level 4 of the Dungeon.
             The game lasted 00:06:06 (2822 turns).

Hebeh the Chopper (Minotaur Fighter)                Turns: 2822, Time: 00:06:07

Health: -12/55     AC:  7    Str: 22    XL:     6   Next: 12%
Magic:  5/5        EV:  7    Int:  5    God:
Gold:   170        SH: 10    Dex: 10    Spells: 5/5 levels left

rFire    . . .     SeeInvis .   a - +0 war axe
rCold    . . .     Gourm    .   c - +0 shield
rNeg     . . .     Faith    .   b - +0 scale mail
rPois    .         Spirit   .   (helmet restricted)
rElec    .         Reflect  .   (no cloak)
rCorr    .         Harm     .   (no gloves)
MR       .....                  (no boots)
Stlth    ..........             (no amulet)
HPRegen  0.18/turn              (no ring)
MPRegen  0.09/turn              (no ring)

@: no status effects
A: retaliatory headbutt, horns 2
a: no special abilities


You were on level 4 of the Dungeon.
You were very hungry.

You visited 1 branch of the dungeon, and saw 4 of its levels.

You collected 170 gold pieces.

Inventory:

Hand Weapons
 a - a +0 war axe (weapon)
Armour
 b - a +0 scale mail (worn)
 c - a +0 shield (worn)
Jewellery
 e - a +2 ring of evasion {unknown}
 h - an uncursed ring of fire {unknown}
Scrolls
 i - a scroll of remove curse {unknown}
 j - a scroll of immolation {unknown}
 k - 5 scrolls of identify {unknown}
 n - a scroll of fear {unknown}
 p - a scroll of enchant armour {unknown}
 q - a scroll of teleportation {unknown}
 r - a scroll of blinking {unknown}
Potions
 d - a potion of might
 g - a potion of lignification {unknown}
 l - a potion of curing {unknown}
 m - a potion of heal wounds {unknown}
 o - 2 potions of brilliance {unknown}
Comestibles
 f - 8 rations


   Skills:
 + Level 4.8 Fighting
 * Level 5.2 Axes
 + Level 5.0 Armour
 + Level 4.9 Shields


You had 5 spell levels left.
You didn't know any spells.
Your spell library was empty.

Dungeon Overview and Level Annotations

Branches:
Dungeon (4/15)
 Temple: D:4-7

Altars:
Elyvilon
Wu Jian

Annotations:
D:4 Pikel


Innate Abilities, Weirdness & Mutations

You reflexively headbutt those who attack you in melee.
You have a pair of horns on your head.


Message History

You barely miss the slave. You hit the slave but do no damage.
You miss the slave. You closely miss the slave.
Pikel hits you but does no damage. You block the slave's attack.
The slave hits you.
* * * LOW HITPOINT WARNING * * *
You block the slave's attack. The slave hits you.
* * * LOW HITPOINT WARNING * * *
You block Pikel's attack. You block the slave's attack.
The slave completely misses you. You furiously retaliate!
You headbutt the slave. The slave closely misses you.
You miss Pikel.
Pikel is heavily wounded.
Your shield and scale mail prevent you from hitting the slave.
You closely miss the slave. You hit the slave. x2
The slave barely misses you. The slave hits you.
* * * LOW HITPOINT WARNING * * *
The slave closely misses you. You furiously retaliate!
You headbutt the slave, but do no damage.
Pikel hits you but does no damage.
You are electrocuted!
You die...

### ... .#
#.###### #.# #
#......# #.#
#.###......#
#.#
#..........#
#.#
......ppp..#
#.#
#K@p..######.##
######.......(#
#.#####..#
####.#####..#
#.......##..#
##........#
#..#.##..#
#[.......#
##.#.<...#


You could see Pikel and 4 slaves.

Vanquished Creatures
  2 orc wizards (D:3)
  An orc priest (D:3)
  Jessica (D:3)
  A worker ant (D:3)
  Robin (D:2)
  4 adders
  2 worms (D:2)
  2 dart slugs
  4 leopard geckos
  6 orcs (D:3)
  5 giant cockroaches
  15 goblins
  15 hobgoblins
  4 kobolds
  3 quokkas
  A ball python (D:3)
  6 bats
  9 frilled lizards
  14 rats
96 creatures vanquished.

Notes
Turn   | Place    | Note
-------+----------+-------------------------------------------
     0 | D:1      | Hebeh the Minotaur Fighter began the quest for the Orb.
     0 | D:1      | Reached XP level 1. HP: 19/19 MP: 0/0
   108 | D:1      | Reached XP level 2. HP: 27/27 MP: 1/1
   565 | D:1      | Reached XP level 3. HP: 33/33 MP: 2/2
   743 | D:2      | Found a white marble altar of Elyvilon.
   975 | D:2      | Reached XP level 4. HP: 40/40 MP: 3/3
  1204 | D:2      | Noticed Robin
  1213 | D:2      | Killed Robin
  1624 | D:3      | Reached XP level 5. HP: 44/47 MP: 4/4
  1647 | D:3      | Noticed Jessica
  1652 | D:3      | Killed Jessica
  1859 | D:3      | Found an ornate altar of the Wu Jian Council.
  2056 | D:3      | Reached skill level 5 in Axes
  2360 | D:3      | Reached XP level 6. HP: 46/55 MP: 5/5
  2730 | D:3      | Reached skill level 5 in Armour
  2811 | D:4      | Noticed a slave
  2812 | D:4      | Noticed Pikel
  2812 | D:4      | Noticed a slave
  2813 | D:4      | Noticed a slave
  2814 | D:4      | Noticed a slave
  2822 | D:4      | Mangled by Pikel

Vault maps used:
D:1:      roderic_chinese_lattice_arrival
D:2:      elyvilon_altar_5, uniq_robin
D:3:      nicolae_overflow_crystal_walls, uniq_jessica
D:4:      serial_shops, shop, shop, shop, shop_fountains, shop, uniq_pikel

Skill      XL: |  1  2  3  4  5  6 |
---------------+-------------------+-----
Axes           | 3 4 5 |  5.2
Armour         | 4 5 |  5.0
Shields        | 4 |  4.9
Fighting       | 4 |  4.8

Action                   |  1- 3 |  4- 6 || total
-------------------------+-------+-------++-------
Melee: War axe           |   100 |   121 ||   221
       Headbutt          |     8 |    18 ||    26
  Eat: Chunk             |       |     5 ||     5
Armor: Scale mail        |    48 |    38 ||    86
Dodge: Dodged            |    34 |    27 ||    61
Block: Shield            |    45 |    67 ||   112

Table legend:
 A = Spawn XP
 B = Non-spawn XP
 C = Spawn XP percentage of total XP
 D = Spawn monster count
 E = Non-spawn monster count
 F = Spawn count percentage of total count
 G = Total turns spent on level
                    A         B        C        D         E        F      G
               +---------+---------+-------+---------+---------+-------+---------
         Total |       0 |     425 |   0.0 |       0 |      96 |   0.0 |  2822
               +---------+---------+-------+---------+---------+-------+---------
           D:1 |       0 |      43 |   0.0 |       0 |      26 |   0.0 |   685
           D:2 |       0 |     125 |   0.0 |       0 |      44 |   0.0 |   916
           D:3 |       0 |     257 |   0.0 |       0 |      26 |   0.0 |  1196
               +---------+---------+-------+---------+---------+-------+---------
